 Dungeon Crawl Stone Soup version 0.29.1-15-g9cfb28693d (webtiles) character file.

Game seed: 1388484108862602291

3514 Eitelfritz the Cleaver (level 10, -11/78 (88) HPs)
             Began as a Hill Orc Fighter on Apr 21, 2023.
             Was a Believer of Uskayaw.
             Mangled by a wight
             ... wielding a +4 long sword
              (12 damage)
             ... on level 8 of the Dungeon.
             The game lasted 00:15:37 (7019 turns).

Eitelfritz the Cleaver (Hill Orc Fighter)           Turns: 7019, Time: 00:15:38

HP:   -11/78 (88)   AC: 10    Str: 26    XL:     10   Next: 8%
MP:   11/11         EV: 15    Int:  8    God:    Uskayaw [**....]
Gold: 375           SH:  0    Dex: 10    Spells: 9/9 levels left

rFire   . . .      SeeInvis .   a - +5 battleaxe (freeze)
rCold   + . .      Faith    .   (shield currently unavailable)
rNeg    . . .      Spirit   .   D - +0 scale mail {Will+}
rPois   .          Reflect  .   v - +0 helmet
rElec   .          Harm     .   h - +0 cloak
rCorr   .          Rampage  .   (no gloves)
Will    +....                   (no boots)
Stlth   ..........              (no amulet)
HPRegen 0.23/turn               k - +4 ring of evasion
MPRegen 0.12/turn               s - ring of Arrival {rC+ Str+2}

@: heavily drained
A: no striking features
a: Renounce Religion, Stomp, Line Pass


You were on level 8 of the Dungeon.
You worshipped Uskayaw.
Uskayaw was noncommittal.
You visited 2 branches of the dungeon, and saw 9 of its levels.

You collected 375 gold pieces.

Inventory:

Hand Weapons
 a - a +5 battleaxe of freezing (weapon)
 b - a +0 sling
 B - a +2 war axe
 C - a +3 flail of freezing
Missiles
 o - 5 curare-tipped darts (quivered)
 E - 17 poisoned darts
Armour
 c - a +0 buckler
 h - a +0 cloak (worn)
 v - a +0 helmet (worn)
 z - a +0 pair of gloves
 D - a +0 scale mail of willpower (worn)
Jewellery
 e - a +4 ring of protection
 g - a ring of wizardry
 k - a +4 ring of evasion (left hand)
 m - a ring of ice
 n - an amulet of magic regeneration
 s - the ring of Arrival (right hand) {rC+ Str+2}
   (You found it on level 2 of the Dungeon)

   [ring of protection from cold]

   Str:       It affects your strength (+2).
   rC:        It protects you from cold.
 u - a ring of protection from cold
 F - a +6 ring of intelligence
Wands
 l - a wand of flame (11)
 r - a wand of digging (5)
 A - a wand of mindburst (12)
 J - a wand of polymorph (12)
Scrolls
 q - 3 scrolls of fear
 w - 2 scrolls of amnesia {unknown}
 y - 2 scrolls of teleportation
 G - a scroll of torment {unknown}
 I - a scroll of summoning {unknown}
 K - a scroll of immolation {unknown}
Potions
 d - a potion of might
 f - 2 potions of flight
 i - 2 potions of brilliance
 j - a potion of attraction {unknown}
 p - a potion of magic
 t - 4 potions of curing
 x - a potion of mutation
 H - a potion of lignification {unknown}


   Skills:
 + Level 7.9 Fighting
 + Level 12.3 Axes
 + Level 0.1 Ranged Weapons
 + Level 0.4 Throwing
 + Level 7.3 Armour
 + Level 3.2 Dodging
 + Level 1.5 Stealth
 + Level 5.4 Shields
 * Level 2.1 Invocations


You had 9 spell levels left.
You didn't know any spells.
Your spell library contained the following spells:

 Spells                   Type           Power      Damage    Failure   Level
 Magic Dart               Conj           0%         1d3       65%         1
 Call Imp                 Summ           0%         N/A       80%         2
 Mephitic Cloud           Conj/Pois/Air  0%         N/A       95%         3
 Animate Armour           Summ/Erth      0%         N/A       100%        4
 Leda's Liquefaction      Hex/Erth       0%         N/A       100%        4
 Borgnjor's Vile Clutch   Necr/Erth      0%         N/A       100%        5
 Lee's Rapid Deconstruct  Erth           0%         3d5*      100%        5


Dungeon Overview and Level Annotations

Branches:
Dungeon (8/15)             Temple (1/1) D:6
   Lair: D:8-11

Altars:
Ashenzari
Cheibriados
Elyvilon
Fedhas
Gozag
Hepliaklqana
Kikubaaqudgha
Makhleb
Nemelex Xobeh
Okawaru
Qazlal
Ru
Sif Muna
Trog
Uskayaw
Vehumet
Wu Jian
Xom
Yredelemnul
The Shining One

Shops:
D:4 [


Message History

You kill the yak!
Your Invocations skill increases to level 2!
Magic restored.
HP restored.
There is a stone staircase leading up here.
K - a scroll labelled BALATHR YSSUG
Found a stone staircase leading down.
You open the door.
Found a plate armour.
There is an open door here. 2 wights come into view.
A wight is wielding a +0 long sword and wearing a +0 robe of willpower.
A wight comes into view. It is wielding a +2 great sword.
The wight hits you with a +4 long sword!
The wight moves out of view.
You closely miss the wight.
The wight hits you with a +2 great sword!
You feel drained. The wight misses you. The wight barely misses you.
You hit the wight.
The wight is lightly damaged.
You slash the wight!
You destroy the wight!
You hit the wight but do no damage.
The wight hits you with a +2 great sword!
You feel drained.
The wight hits you with a +4 long sword.
You barely miss the wight. You slash the wight!
The wight hits you with a +4 long sword.
You feel drained. The wight barely misses you.
You can now pass through a line of other dancers.
You hit the wight but do no damage. You hit the wight.
The wight hits you with a +2 great sword!!
* * * LOW HITPOINT WARNING * * *
You feel drained.
* * * LOW HITPOINT WARNING * * *
The wight barely misses you.
The wight hits you with a +2 great sword!
* * * LOW HITPOINT WARNING * * *
The wight hits you with a +4 long sword!
You die...

########
.......#########
#z........#
#@#######.# .#
#..)z...# #.# ..
....#.###.# #.# ###
#.####.###.###.#
###.. #
............# #....
#######.##### #.#..
##.### #.#..
##....# #.#[.
####...#.######.#..


You could see 2 wights.

Vanquished Creatures
  Pikel (D:6)
  A troll (D:6)
  3 yaks (D:8)
  Eustachio (D:4)
  A water moccasin (D:7)
  2 ice beasts
  3 ogres
  2 lemures (D:6)
  2 kobold brigands
  Blork the orc (D:6)
  3 bullfrogs
  2 necrophages (D:6)
  2 scorpions
  5 wights
  6 killer bees (D:6)
  A vampire bat (D:5)
  A howler monkey (D:7)
  3 hounds
  3 jellies
  An orc priest (D:6)
  An iguana (D:5)
  3 orc wizards
  3 gnolls (D:4)
  7 adders
  A white imp (D:7)
  A worm (D:2)
  2 dart slugs
  13 orcs
  6 ball pythons
  5 endoplasms
  6 giant cockroaches
  3 goblins (D:1)
  4 hobgoblins
  13 jackals
  15 kobolds
  6 quokkas
  11 bats
  7 frilled lizards
  3 rats
154 creatures vanquished.

Notes
Turn   | Place    | Note
-------+----------+-------------------------------------------
     0 | D:1      | Eitelfritz the Hill Orc Fighter began the quest for the
                  | Orb.
     0 | D:1      | Reached XP level 1. HP: 19/19 MP: 1/1
   385 | D:1      | Reached XP level 2. HP: 24/27 MP: 2/2
   440 | D:1      | Found a faded altar of an unknown god.
   452 | D:1      | Reached skill level 3 in Axes
   608 | D:1      | Reached XP level 3. HP: 31/33 MP: 3/3
   962 | D:2      | Found a basalt altar of Yredelemnul.
  1254 | D:2      | Reached XP level 4. HP: 37/40 MP: 4/4
  1451 | D:2      | Identified the ring of Arrival {rC+ Str+2}
  1732 | D:3      | Reached skill level 4 in Axes
  1900 | D:3      | Reached skill level 1 in Dodging
  2767 | D:4      | Reached XP level 5. HP: 46/46 MP: 5/5
  3046 | D:4      | Noticed Eustachio
  3062 | D:4      | Killed Eustachio
  3063 | D:4      | Reached skill level 5 in Axes
  3063 | D:4      | Reached XP level 6. HP: 38/53 MP: 6/6
  3193 | D:4      | Found Aduiq's Armour Shop.
  3504 | D:5      | Entered Level 5 of the Dungeon
  3863 | D:5      | Reached skill level 6 in Axes
  4153 | D:5      | Reached XP level 7. HP: 52/60 MP: 7/7
  4285 | D:4      | Reached skill level 5 in Armour
  4372 | D:5      | Reached skill level 5 in Fighting
  4478 | D:5      | Reached skill level 7 in Axes
  4756 | D:6      | Reached skill level 1 in Stealth
  4917 | D:6      | Reached XP level 8. HP: 63/68 MP: 8/8
  4925 | D:6      | Got the Catalogue of Spelunking
  4984 | D:6      | Noticed Blork the orc
  4991 | D:6      | Killed Blork the orc
  4992 | D:6      | Reached skill level 8 in Axes
  5054 | D:6      | Noticed a troll
  5087 | D:6      | Killed a troll
  5088 | D:6      | Reached skill level 9 in Axes
  5103 | D:6      | Noticed Pikel
  5119 | D:6      | Killed Pikel
  5120 | D:6      | Reached skill level 10 in Axes
  5120 | D:6      | Reached XP level 9. HP: 24/78 MP: 9/9
  5133 | D:6      | Reached skill level 5 in Shields
  5533 | D:6      | Found a staircase to the Ecumenical Temple.
  5660 | D:6      | Reached skill level 11 in Axes
  6249 | D:7      | Found an ornate altar of the Wu Jian Council.
  6750 | Temple   | Entered the Ecumenical Temple
  6750 | Temple   | Found a transporter.
  6750 | Temple   | Found a transporter.
  6752 | Temple   | Found a transporter.
  6752 | Temple   | Found a transporter.
  6796 | Temple   | Became a worshipper of Uskayaw the Reveller
  6858 | D:8      | Reached * piety under Uskayaw
  6862 | D:8      | Reached skill level 1 in Invocations
  6863 | D:8      | Reached ** piety under Uskayaw
  6865 | D:8      | Reached *** piety under Uskayaw
  6866 | D:8      | Reached skill level 12 in Axes
  6866 | D:8      | Reached XP level 10. HP: 75/88 MP: 9/11
  7019 | D:8      | HP: 1/78 [wight/+2 great sword (12)]
  7019 | D:8      | Mangled by a wight

Illustrated notes

Levels and vault maps discovered:
D:1:      heliophobic_arrival_glass_houses, layout_rooms,
          ebering_ecumenical_altar_abandoned, minivault_23, minmay_pentomino_s2
D:2:      layout_loops_ring, basic_altar
D:3:      layout_basic, wad_rectangle_vault
D:4:      layout_gridville, serial_shops, nicolae_stop_n_shop_1, minivault_23,
          nrook_loot_triangle, feat_on_display, uniq_eustachio
D:5:      layout_cave_pools, roderic_batcave, chequers_decorated_corner,
          minmay_misc_feat_hallway
D:6:      layout_loops_ring, minmay_temple_entry_crystal_x, uniq_pikel,
          uniq_blork_the_orc
D:7:      layout_basic, mainiacjoe_overflow_24_doors, minivault_24
D:8:      layout_loops_corners, gammafunk_temple_overflow_arena, serial_shops,
          shop
Temple:   hellmonk_temple_divided_pantheon

Skill      XL: |  1  2  3  4  5  6  7  8  9 10 |
---------------+-------------------------------+-----
Axes           | 3 4 5 6 7 10 12 | 12.3
Fighting       | 4 5 6 7 |  7.9
Dodging        | 1 2 3 |  3.2
Armour         | 4 5 6 7 |  7.3
Shields        | 4 5 |  5.4
Stealth        | 1 |  1.5
Invocations    | 1 2 |  2.1
Ranged Weapons | |  0.1
Throwing       | |  0.4

Action                   |  1- 3 |  4- 6 |  7- 9 | 10-12 || total
-------------------------+-------+-------+-------+-------++-------
Melee: War axe           |   145 |   158 |   162 |       ||   465
       Battleaxe         |       |       |    66 |     5 ||    71
 Fire: Sling             |       |     1 |       |       ||     1
Throw: Dart              |       |       |     2 |       ||     2
  Use: Scroll            |       |    12 |     2 |       ||    14
       Potion            |       |     1 |     7 |       ||     8
 Stab: Paralysed         |       |       |       |     1 ||     1
Armor: Scale mail        |    93 |    54 |    79 |       ||   226
Dodge: Dodged            |   107 |   123 |   146 |     4 ||   380
Block: Buckler           |    48 |    39 |    32 |       ||   119
